 Dungeon Crawl Stone Soup version 0.21.1-1-g345015f (webtiles) character file.

12821 iamserjio the Nimble (level 11, 0/77 HPs)
             Began as an Octopode Monk on Apr 5, 2018.
             Was a High Priest of Dithmenos.
             Slain by a troll (10 damage)
             ... while paralysed by an orc sorcerer
             ... on level 2 of the Orcish Mines.
             The game lasted 01:26:12 (12585 turns).

iamserjio the Nimble (Octopode Monk)               Turns: 12585, Time: 01:26:13

Health: 0/77       AC:  1    Str: 11    XL:     11   Next: 99%
Magic:  18/18      EV:  2    Int: 12    God:    Dithmenos [*****.]
Gold:   699        SH:  0    Dex: 18    Spells: 20/20 levels left

rFire    . . .     SeeInvis .   O - +2 short sword (venom)
rCold    . . .     Gourm    .   (no shield)
rNeg     . . .     Faith    .   (helmet restricted)
rPois    .         Spirit   .   y - +4 amulet of reflection
rElec    .         Reflect  +   M - ring of stealth
rCorr    .         Harm     .   V - ring of stealth
MR       .....                  (no ring)
Stlth    ++++++++++             (no ring)
HPRegen  0.22/turn              (no ring)
MPRegen  0.16/turn              (no ring)
                                (no ring)
                                (no ring)

@: paralysed, wreathed by umbra
A: almost no armour, stealthy swim, amphibious, 8 rings, constrict 8, camouflage
1, gelatinous body 1
a: Shadow Step, Shadow Form, Renounce Religion


You were on level 2 of the Orcish Mines.
You worshipped Dithmenos.
Dithmenos was extremely pleased with you.
You were not hungry.

You visited 3 branches of the dungeon, and saw 12 of its levels.
You also visited: Ossuary.

You collected 1259 gold pieces.
You spent 560 gold pieces at shops.

Inventory:

Hand Weapons
 j - a +1 dagger of draining
 k - a +0 longbow
 D - a +0 dagger of electrocution
 E - a +0 falchion of holy wrath
 I - a +5 flail
 O - a +2 short sword of venom (weapon)
 Q - a +0 blowgun
 S - a +1 short sword of electrocution
 T - a +2 dagger of venom
Missiles
 d - 255 stones (quivered)
 f - 33 poisoned needles
 g - 7 curare-tipped needles
 p - 104 sling bullets
 s - 61 bolts
 A - 79 arrows
Jewellery
 y - a +4 amulet of reflection (around mantle)
 F - an uncursed amulet of rage
 M - a ring of stealth (left tentacle)
 V - a ring of stealth (right tentacle)
Wands
 K - a wand of iceblast (10)
 L - a wand of paralysis (3)
Scrolls
 a - 2 scrolls of blinking {unknown}
 i - 4 scrolls of magic mapping
 l - 8 scrolls of remove curse
 m - a scroll of random uselessness {unknown}
 n - 2 scrolls of amnesia
 o - a scroll of vulnerability
 u - 5 scrolls of teleportation {unknown}
 B - 3 scrolls of enchant weapon
 C - 2 scrolls of enchant armour {unknown}
 X - a scroll of fear {unknown}
 Y - a scroll of immolation {unknown}
Potions
 c - 4 potions of lignification
 e - 2 potions of agility
 h - a potion of invisibility {unknown}
 q - 2 potions of mutation {unknown}
 r - 5 potions of cancellation
 t - a potion of brilliance {unknown}
 v - 4 potions of heal wounds
 w - 6 potions of flight {unknown}
 x - 2 potions of haste {unknown}
 z - 2 potions of berserk rage {unknown}
 G - 3 potions of curing {unknown}
 N - 4 potions of might {unknown}
Books
 H - a book of Flames

   Spells                             Type                      Level
   a - Flame Tongue                   Conjuration/Fire             1
   b - Throw Flame                    Conjuration/Fire             2
   c - Conjure Flame                  Conjuration/Fire             3
   d - Inner Flame                    Hexes/Fire                   3
   e - Sticky Flame                   Conjuration/Fire             4
   f - Fireball                       Conjuration/Fire             5
   Dithmenos disapproves of the use of such an item.
 P - a book of Misfortune

   Spells                             Type                      Level
   a - Confusing Touch                Hexes                        1
   b - Confuse                        Hexes                        3
   c - Gell's Gravitas                Translocation                3
   d - Petrify                        Transmutation/Earth          4
   e - Metabolic Englaciation         Hexes/Ice                    5
   f - Yara's Violent Unravelling     Hexes/Transmutation          5
Comestibles
 b - 10 rations
 R - 13 chunks of flesh


   Skills:
 - Level 8.1 Fighting
 + Level 8.2 Short Blades
   Level 3.0 Polearms
 * Level 12.2 Dodging
 + Level 7.4 Stealth
 - Level 5.0 Spellcasting
 * Level 9.0 Invocations


You had 20 spell levels left.
You didn't know any spells.

Dungeon Overview and Level Annotations

Branches:
Dungeon (9/15)             Temple (1/1) D:6            Lair (0/6) D:9
    Orc (2/2) D:9
    Elf: Orc:2

Altars:
Ashenzari
Dithmenos
Fedhas
Hepliaklqana
Makhleb
Nemelex Xobeh
Okawaru
Qazlal
Trog
Wu Jian
Xom
Zin
The Shining One

Shops:
D:6 [   Orc:1 *

Annotations:
D:2 2 transporters
D:4 HammerPanzer's ghost, amateur DsBe
Orc:2 iamserjio's ghost, journeyman OpMo


Innate Abilities, Weirdness & Mutations

You cannot wear most types of armour.
You are very stealthy in the water. (Stealth+)
You are amphibious.
You can wear up to eight rings at the same time.
You can use your tentacles to constrict eight enemies at once.
Your skin changes colour to match your surroundings (Stealth+).
Your rubbery body absorbs attacks. (AC +1, EV +1)


Message History

Things that are here:
4 chunks of flesh; a warg skeleton The orc knight shoots a bolt.
The bolt completely misses you.
Things that are here:
a robe; a dagger of venom; an orc skeleton The orc sorcerer gestures at you while chanting.
You suddenly lose the ability to move!
The red devil hits you from afar with a trident!
The orc sorcerer gestures wildly while chanting.
The orc warrior hits you with a hand axe!!
You emit a cloud of dark smoke.
You hear a shout!
You hear a shout!
The red devil hits you from afar with a trident!
The orc warrior hits you with a hand axe!
* * * LOW HITPOINT WARNING * * *
The troll barely misses you. The troll claws you!
* * * LOW HITPOINT WARNING * * *
The troll claws you!
You die...

#.....##..#............
##.......o......$......
#.........$.......$..$
##..........o.........
###..)...............
##....#...).........<
##[.(###..o...........
#..§§§§#.3.).#.......#
##.[§§@o§[.....[...$.#
#...§§§T4...........o..
#[....§§§..............
##.....................
##.....###...#.#.#.##.
####### ###########


You could see a troll, a red devil and an orc warrior.

Vanquished Creatures
  4 two-headed ogres (D:8)
  An orc high priest (Orc:2)
  An orc sorcerer (Orc:1)
  A troll (Orc:2)
  Sigmund (D:5)
  A wyvern (D:7)
  Eustachio (D:4)
  4 yaks (D:8)
  6 wargs
  A water moccasin (D:7)
  3 porcupines (D:9)
  12 orc warriors
  2 black bears (D:9)
  12 ogres
  The ghost of iamserjio the Sneak, an amateur OpMo (D:3)
  4 centaurs
  A big kobold (D:8)
  3 bullfrogs
  4 water moccasin zombies
  3 scorpions
  6 killer bees (D:9)
  7 wights
  2 crimson imps
  3 jellies
  2 bullfrog zombies (D:9)
  A quasit (D:9)
  A centaur zombie (D:8)
  4 hounds
  17 orc wizards
  A gnoll shaman (Orc:1)
  4 orc priests
  A centaur skeleton (D:4)
  An iron imp (D:3)
  5 iguanas
  6 worker ants
  3 big kobold zombies (Ossuary)
  A hound zombie (D:6)
  A hound skeleton (D:8)
  2 mummies (Ossuary)
  A worker ant zombie (D:9)
  8 gnolls
  16 adders
  A shadow imp (D:7)
  5 adder zombies (Ossuary)
  An adder skeleton (D:6)
  4 worms
  5 dart slugs
  5 leopard geckos
  45 orcs
  7 bats
  6 giant cockroaches
  5 goblins
  9 hobgoblins
  10 jackals
  6 quokkas
  3 ball pythons
  7 frilled lizards
  A giant cockroach zombie (D:5)
  A gnoll zombie (Ossuary)
  6 hobgoblin zombies (Ossuary)
  14 kobolds
  7 kobold zombies (Ossuary)
  6 orc zombies (Ossuary)
  A quokka zombie (D:9)
  6 rats
320 creatures vanquished.

Vanquished Creatures (others)
  3 fungi (D:9)
3 creatures vanquished.

Grand Total: 323 creatures vanquished

Notes
Turn   | Place    | Note
-------+----------+-------------------------------------------
     0 | D:1      | iamserjio the Octopode Monk began the quest for the Orb.
     0 | D:1      | Reached XP level 1. HP: 16/16 MP: 1/1
   431 | D:1      | Reached XP level 2. HP: 21/21 MP: 2/2
  1265 | D:2      | Reached XP level 3. HP: 25/26 MP: 3/3
  1448 | D:2      | Found a glowing golden altar of the Shining One.
  1575 | D:2      | Reached XP level 4. HP: 32/32 MP: 4/4
  1617 | D:2      | Found a transporter.
  1623 | D:2      | Found a transporter.
  1626 | D:2      | Noticed an ogre
  1629 | D:2      | Found an ornate altar of the Wu Jian Council.
  1678 | D:2      | Found a shimmering altar of Xom.
  1680 | D:2      | Found a blossoming altar of Fedhas.
  1680 | D:2      | Found a hide-covered altar of Uskayaw.
  1682 | D:2      | Found a hazy altar of Hepliaklqana.
  1682 | D:2      | Found a bloodstained altar of Trog.
  1682 | D:2      | Found a shattered altar of Ashenzari.
  2305 | D:3      | Reached skill level 4 in Dodging
  2305 | D:3      | Reached XP level 5. HP: 35/37 MP: 5/5
  2395 | D:3      | Reached skill level 5 in Stealth
  2804 | D:3      | Found a burning altar of Makhleb.
  2913 | D:3      | Noticed iamserjio's ghost (amateur OpMo)
  2958 | D:4      | Reached XP level 6. HP: 44/44 MP: 6/6
  2992 | D:4      | HP: 2/44 [centaur skeleton (4)]
  3397 | D:4      | Found a stormy altar of Qazlal.
  3563 | D:4      | Reached skill level 5 in Fighting
  3568 | D:4      | Reached skill level 5 in Dodging
  3570 | D:4      | Reached XP level 7. HP: 33/50 MP: 7/7
  3738 | D:4      | Found an iron altar of Okawaru.
  3797 | D:4      | Noticed HammerPanzer's ghost (amateur DsBe)
  4097 | D:3      | Killed iamserjio's ghost
  4418 | D:4      | Noticed Eustachio
  4651 | D:4      | Killed Eustachio
  4651 | D:4      | Reached skill level 6 in Dodging
  5266 | D:5      | Entered Level 5 of the Dungeon
  5381 | D:5      | Reached XP level 8. HP: 54/57 MP: 8/8
  5765 | D:5      | Noticed Sigmund
  5822 | D:4      | Reached skill level 7 in Dodging
  6315 | D:5      | Reached skill level 10 in Dodging
  6315 | D:5      | Reached XP level 9. HP: 64/64 MP: 8/16
  6327 | D:5      | Killed Sigmund
  6485 | D:6      | Found Jeqodaul's Antique Armour Shop.
  6655 | D:6      | Found a staircase to the Ecumenical Temple.
  6678 | Temple   | Entered the Ecumenical Temple
  6691 | Temple   | Became a worshipper of Dithmenos the Shadowed
  6691 | Temple   | Reached * piety under Dithmenos
  6691 | Temple   | Reached ** piety under Dithmenos
  6787 | D:6      | Found a glowing silver altar of Zin.
  7002 | D:7      | Found a sand-covered staircase.
  7016 | Ossuary  | Entered an ossuary
  7216 | Ossuary  | Reached *** piety under Dithmenos
  7219 | Ossuary  | Reached XP level 10. HP: 50/71 MP: 17/17
  7839 | D:7      | Found a sparkling altar of Nemelex Xobeh.
  8222 | D:8      | Noticed a two-headed ogre
  8227 | D:8      | Noticed a two-headed ogre
  8369 | D:8      | Noticed a two-headed ogre
  8372 | D:8      | Killed a two-headed ogre
  8372 | D:8      | Reached skill level 5 in Spellcasting
  8372 | D:8      | Reached skill level 1 in Invocations
  8437 | D:8      | Noticed a two-headed ogre
  8664 | D:8      | Killed a two-headed ogre
  8664 | D:8      | Reached skill level 11 in Dodging
  8850 | D:8      | HP: 1/72 [bullfrog (4)]
  8860 | D:8      | Killed a two-headed ogre
  9176 | D:9      | Reached XP level 11. HP: 77/77 MP: 18/18
  9183 | D:9      | Found a staircase to the Lair.
  9259 | D:9      | Reached **** piety under Dithmenos
  9259 | D:9      | Reached skill level 5 in Invocations
  9657 | D:8      | Killed a two-headed ogre
 10176 | D:9      | Found a staircase to the Orcish Mines.
 11084 | D:9      | Found a shattered altar of Ashenzari.
 11202 | Orc:1    | Entered Level 1 of the Orcish Mines
 11337 | Orc:2    | Entered Level 2 of the Orcish Mines
 11469 | Orc:2    | Noticed an orc high priest
 11475 | Orc:2    | Noticed iamserjio's ghost (journeyman OpMo)
 11688 | Orc:1    | Reached ***** piety under Dithmenos
 11754 | Orc:1    | Noticed an orc sorcerer
 11763 | Orc:1    | Killed an orc sorcerer
 11775 | Orc:1    | Found Cotsamor's Assorted Antiques.
 11903 | Orc:1    | Bought a scroll labeled VUPEPH SEHERANGA for 35 gold pieces
 11903 | Orc:1    | Bought a scroll labeled SUSTUO HIENG for 35 gold pieces
 11903 | Orc:1    | Bought a wand of iceblast (4) for 140 gold pieces
 11903 | Orc:1    | Bought 2 potions of heal wounds for 350 gold pieces
 11924 | Orc:2    | Noticed an orc high priest
 11930 | Orc:1    | Reached skill level 12 in Dodging
 12203 | Orc:2    | Killed an orc high priest
 12507 | Orc:2    | Noticed an orc knight
 12573 | Orc:2    | Noticed an orc sorcerer
 12580 | Orc:2    | Noticed a sun demon
 12581 | Orc:2    | Paralysed by an orc sorcerer for 5 turns
 12585 | Orc:2    | Slain by a troll

Skill      XL: |  1  2  3  4  5  6  7  8  9 10 11 |
---------------+----------------------------------+-----
Stealth        | 3 4 5 6 7 |  7.4
Fighting       | 4 5 6 7 8 |  8.1
Dodging        | 4 5 6 10 11 12 | 12.2
Short Blades   | 7 8 |  8.2
Spellcasting   | 4 5 |  5.0
Invocations    | 4 9 |  9.0
Polearms       | |  3.0

Action                   |  1- 3 |  4- 6 |  7- 9 | 10-12 || total
-------------------------+-------+-------+-------+-------++-------
Melee: Spear             |    27 |       |       |       ||    27
       Constrict         |    18 |    33 |    47 |    69 ||   167
       Tentacles         |     8 |    33 |    64 |   123 ||   228
       Dagger            |    29 |   136 |   247 |   430 ||   842
       Short sword       |       |       |       |    46 ||    46
  Use: Scroll            |       |       |    11 |     2 ||    13
       Potion            |       |       |     1 |     1 ||     2
 Stab: Sleeping          |     8 |    18 |    18 |    27 ||    71
       Distracted        |       |       |       |     5 ||     5
  Eat: Chunk             |     1 |     7 |     4 |    15 ||    27
       Ration            |       |       |     2 |     1 ||     3
Armor: Skin              |     4 |    10 |     5 |     3 ||    22
Dodge: Dodged            |    22 |   100 |   167 |   274 ||   563
Block: Other             |       |       |       |    38 ||    38
       Reflection        |       |       |       |     3 ||     3
